 Dungeon Crawl Stone Soup version 0.28.0 (webtiles) character file.

Game seed: 10722063832357872102

42 McKennaii the Conjurer (level 3, 0/26 HPs)
             Began as a Demigod Conjurer on Feb 5, 2022.
             Killed from afar by Ijyb (26 damage)
             ... with a bolt of acid
             ... on level 3 of the Dungeon.
             The game lasted 00:01:36 (2039 turns).

McKennaii the Conjurer (Demigod Conjurer)           Turns: 2039, Time: 00:01:37

Health: 0/26       AC:  2    Str:  8    XL:     3   Next: 17%
Magic:  5/9        EV: 12    Int: 24    God:
Gold:   21         SH:  0    Dex: 12    Spells: 3/6 levels left

rFire   . . .      SeeInvis .   h - +3 short sword
rCold   . . .      Faith    .   (no shield)
rNeg    . . .      Spirit   .   a - +0 robe
rPois   .          Reflect  .   (no helmet)
rElec   .          Harm     .   (no cloak)
rCorr   .          Rampage  .   (no gloves)
Will    .....                   (no boots)
Stlth   ++........              (no amulet)
HPRegen 0.08/turn               (no ring)
MPRegen 0.11/turn               (no ring)

@: no status effects
A: high MP 1, forlorn, divine attributes
a: no special abilities


You were on level 3 of the Dungeon.
You visited 1 branch of the dungeon, and saw 3 of its levels.

You collected 111 gold pieces.
You spent 90 gold pieces at shops.

Inventory:

Hand Weapons
 h - a +3 short sword (weapon)
Armour
 a - a +0 robe (worn)
Scrolls
 d - a scroll of immolation {unknown}
 e - a scroll of enchant weapon {unknown}
 j - a scroll of teleportation
Potions
 b - a potion of haste
 c - a potion of mutation
 f - 2 potions of magic
 g - a potion of attraction


   Skills:
 - Level 1.7 Dodging
 - Level 1.7 Stealth
 + Level 2.3 Spellcasting
 * Level 4.4 Conjurations


You had 3 spell levels left.
You knew the following spells:

 Your Spells              Type           Power      Damage    Failure   Level
a - Magic Dart            Conj           96%        1d7       1%          1
b - Searing Ray           Conj           48%        2d6       2%          2

Your spell library contained the following spells:

 Spells                   Type           Power      Damage    Failure   Level
 Dazzling Flash           Conj/Hex       26%        N/A       14%         3
 Corpse Rot               Necr/Air       4%         N/A       19%         2
 Poisonous Vapours        Pois/Air       4%         N/A       19%         2
 Fulminant Prism          Conj/Hex       6%         3d7       43%         4
 Iskenderun's Mystic Bla  Conj/Tloc      13%        2d5       43%         4


Dungeon Overview and Level Annotations

Branches:
Dungeon (3/15)

Shops:
D:2 ?

Annotations:
D:3 Ijyb


Innate Abilities, Weirdness & Mutations

You have an increased reservoir of magic. (+10% MP)
You shall have no god before yourself.
Your divine heritage dramatically boosts your attributes as you level up.


Message History

You can't see any susceptible monsters within range! (Use Z to cast anyway.)
A goblin comes into view. It is wielding a +0 dagger.
The magic dart hits the goblin.
The goblin is severely wounded.
The goblin shouts!
A goblin is nearby!
The magic dart hits the goblin.
You kill the goblin!
You see here a +0 dagger.
A giant cockroach comes into view.
The magic dart hits the giant cockroach.
The giant cockroach is heavily wounded.
A giant cockroach is nearby!
The magic dart hits the giant cockroach.
The giant cockroach is almost dead.
A giant cockroach is nearby!
The magic dart hits the giant cockroach but does no damage.
The giant cockroach is almost dead.
A giant cockroach is nearby!
The magic dart hits the giant cockroach but does no damage.
The giant cockroach is almost dead.
A giant cockroach is nearby!
The magic dart hits the giant cockroach.
You kill the giant cockroach!
Ijyb the Twisted Goblin comes into view.
She is wielding a +0 club and carrying a wand of acid (13).
The magic dart hits Ijyb.
Ijyb is lightly wounded.
Ijyb is nearby!
The magic dart hits Ijyb.
Ijyb is moderately wounded.
Ijyb is nearby!
The magic dart hits Ijyb but does no damage.
Ijyb is moderately wounded.
Ijyb screams, "It's all mine!"
Ijyb is nearby!
The magic dart hits Ijyb but does no damage.
Ijyb is moderately wounded.
Ijyb zaps a wand.
The bolt of acid hits you!!
Ouch! That really hurt!
You die...

#.# #. #.# #.# #.# ###
#g# #######.##....
###.### ....<..<......
#.....#.#######.######
#.....#.#### #.#
#.^........# #.# #....@#
#.# #.# #######
#.....#.##.# #.# ...)..#
##.#.###.##.# #.#
#####.#####†...###.##.#
#.#
#............#.##.####.#
#######................#
##.#...#.##(######
#.....#.##.# #
#.#..##.##.########


You could see Ijyb.

Vanquished Creatures
  A worm (D:3)
  A dart slug (D:1)
  A ball python (D:1)
  4 bats
  4 endoplasms
  3 giant cockroaches
  4 goblins
  A hobgoblin (D:1)
  4 jackals (D:3)
  2 frilled lizards
  4 kobolds
  5 rats
34 creatures vanquished.

Notes
Turn   | Place    | Note
-------+----------+-------------------------------------------
     0 | D:1      | McKennaii the Demigod Conjurer began the quest for the Orb.
     0 | D:1      | Reached XP level 1. HP: 14/14 MP: 5/5
   253 | D:1      | Reached XP level 2. HP: 20/20 MP: 4/7
   285 | D:1      | Reached skill level 4 in Conjurations
   361 | D:1      | Learned a level 2 spell: Searing Ray
  1415 | D:2      | Found Ogohe's Magic Scroll Shoppe.
  1419 | D:2      | Bought a scroll of identify for 20 gold pieces
  1419 | D:2      | Bought a scroll of identify for 20 gold pieces
  1419 | D:2      | Bought a scroll of identify for 20 gold pieces
  1419 | D:2      | Bought a scroll of teleportation for 30 gold pieces
  1780 | D:3      | Reached XP level 3. HP: 26/26 MP: 2/9
  2035 | D:3      | Noticed Ijyb
  2039 | D:3      | Killed from afar by Ijyb

Illustrated notes

Levels and vault maps discovered:
D:1:      dpeg_arrival_refuge, layout_basic, glass_columns_a
D:2:      wander_river, layout_loops_cross, serial_shops, nicolae_shop_trees,
          ebering_ecumenical_altar_petrified
D:3:      layout_loops_ring, mainiacjoe_overflow_tiny_flanked,
          uniq_crazy_yiuf_cottage, uniq_ijyb, uniq_jessica

Skill      XL: |  1  2 |
---------------+-------+-----
Spellcasting   | 2 |  2.3
Conjurations   | 4 |  4.4
Dodging        | |  1.7
Stealth        | |  1.7

Action                   || total
-------------------------++-------
 Cast: Magic Dart        ||    75
  Use: Scroll            ||     4
Armor: Robe              ||     1
Dodge: Dodged            ||     3
